 Dungeon Crawl Stone Soup version 0.26.0-16-gc1dbca0489 (webtiles) character file.

Game seed: 2447385804539047778

14 EnegeticOcto the Chopper (level 2, 25/27 HPs)
             Began as a Deep Dwarf Fighter on Jan 20, 2021.
             Quit the game on level 2 of the Dungeon.
             The game lasted 00:01:15 (262 turns).

EnegeticOcto the Chopper (Deep Dwarf Fighter)        Turns: 262, Time: 00:01:16

Health: 25/27      AC:  6    Str: 19    XL:     2   Next: 27%
Magic:  2/2        EV:  7    Int:  8    God:
Gold:   45         SH:  9    Dex: 12    Spells: 1/1 levels left

rFire    . . .     SeeInvis .   a - +0 war axe
rCold    . . .     Faith    .   c - +0 kite shield
rNeg     . . .     Spirit   .   b - +0 scale mail
rPois    .         Reflect  .   (no helmet)
rElec    .         Harm     .   (no cloak)
rCorr    .         Rampage  .   (no gloves)
Will     .....                  (no boots)
Stlth    ..........             (no amulet)
HPRegen  0.00/turn              (no ring)
MPRegen  0.08/turn              (no ring)

@: non-regenerating
A: damage resistance, heal wounds, sense surroundings 1, no regeneration
a: Heal Wounds


You were on level 2 of the Dungeon.
You visited 1 branch of the dungeon, and saw 2 of its levels.

You collected 45 gold pieces.

Inventory:

Hand Weapons
 a - a +0 war axe (weapon)
Armour
 b - a +0 scale mail (worn)
 c - a +0 kite shield (worn)
Scrolls
 e - a scroll of fear {unknown}
 f - a scroll of remove curse {unknown}
 g - a scroll of enchant weapon {unknown}
Potions
 d - a potion of might {@q3 !q}
 h - a potion of lignification {unknown}


   Skills:
 - Level 2.6 Fighting
 + Level 3.3 Axes
 - Level 3.2 Armour
 - Level 3.2 Shields


You had one spell level left.
You didn't know any spells.
Your spell library was empty.

Dungeon Overview and Level Annotations

Branches:
Dungeon (2/15)

Altars:


Innate Abilities, Weirdness & Mutations

You are resistant to damage.
You can heal yourself by infusing magical energy.
You passively map a small area around you.
You do not regenerate.


Message History

You miss the frilled lizard.
The frilled lizard bites you but does no damage.
You closely miss the frilled lizard.
The frilled lizard barely misses you. x2
You barely miss the frilled lizard. You block the frilled lizard's attack.
You miss the frilled lizard.
The frilled lizard bites you but does no damage.
You slash the frilled lizard!
You kill the frilled lizard!
No target in view!
No target in view!
f - a scroll labelled VEOBEX PURALOU
Found a scroll labelled XENOAME OBBOR.
Found 11 gold pieces.
g - a scroll labelled XENOAME OBBOR
Found a robe and 30 stones.
A rat comes into view.
You see here 11 gold pieces.
You see here 11 gold pieces.
You now have 21 gold pieces (gained 11).
You slash the rat!
You kill the rat!
No target in view!
Found a glowing golden potion.
Found 4 boomerangs.
Found a stone staircase leading down.
You see here 30 stones.
A dart slug comes into view.
You see here a glowing golden potion.
h - a glowing golden potion The dart slug launches a dart at you.
The slug dart hits you but does no damage.
The dart slug barely misses you.
You slash the dart slug!
The dart slug is severely wounded.
The dart slug launches a dart at you.
The slug dart hits you but does no damage.
You slash the dart slug!
You kill the dart slug!
Your Axes skill increases to level 3!
No target in view!
There is a stone staircase leading down here.
You climb downwards.
There is a stone staircase leading up here.
A rat comes into view.
The rat bites you.
Your shield prevents you from hitting the rat.
The rat bites you but does no damage.
You hit the rat.
You kill the rat!
You have reached level 2!
Found a dagger.
You see here a rat corpse.
You see here a dagger.
A rat comes into view.
A rat is nearby!
The rat bites you but does no damage.
You hit the rat.
The rat is heavily wounded.
The rat bites you but does no damage. The rat barely misses you.
You hit the rat.
You kill the rat!
Found 8 gold pieces. 2 worms come into view.
Found a fuming emerald potion.
You see here 8 gold pieces.
You now have 29 gold pieces (gained 8).
Found 8 gold pieces.
You see here 8 gold pieces.
You now have 37 gold pieces (gained 8).
Found 8 gold pieces.
You now have 45 gold pieces (gained 8).
There are no items here.
A leopard gecko comes into view.
The leopard gecko hisses angrily.
You miss the leopard gecko.
The leopard gecko bites you but does no damage. x2
You closely miss the leopard gecko.
The leopard gecko bites you but does no damage.
The leopard gecko bites you.
You barely miss the leopard gecko. The leopard gecko closely misses you.
The leopard gecko bites you.
You miss the leopard gecko. The leopard gecko barely misses you.
You completely miss the leopard gecko. The leopard gecko bites you.
The leopard gecko bites you but does no damage.
You hit the leopard gecko.
The leopard gecko is moderately wounded.
You block the leopard gecko's attack.
The leopard gecko bites you but does no damage.
You barely miss the leopard gecko.
The leopard gecko is moderately wounded.
The leopard gecko bites you but does no damage.
You hit the leopard gecko.
You kill the leopard gecko!
You see here a leopard gecko corpse.
A dart slug comes into view.
The dart slug launches a dart at you. The slug dart misses you.
You slash the dart slug!
You kill the dart slug!
Are you sure you want to abandon this character and quit the game? (Confirm with "yes".)

#.# #w# #.#.# *
#.# #.# #.#.#, #.#
#w# #.#.# #.###.#
#.#.# *
#.....#######w#.#,
#####.w..w....#.#
* *
#.#########.#,* *
, #.#########.# ,
#..@........#, * ,
############# , ,
** ,


There were no monsters in sight!

Vanquished Creatures
  2 dart slugs
  A leopard gecko (D:2)
  A giant cockroach (D:1)
  A hobgoblin (D:1)
  A frilled lizard (D:1)
  A goblin (D:1)
  3 rats
10 creatures vanquished.

Notes
Turn   | Place    | Note
-------+----------+-------------------------------------------
     0 | D:1      | EnegeticOcto the Deep Dwarf Fighter began the quest for the
                  | Orb.
     0 | D:1      | Reached XP level 1. HP: 20/20 MP: 1/1
   163 | D:1      | Reached skill level 3 in Axes
   170 | D:2      | Reached XP level 2. HP: 27/27 MP: 2/2
   262 | D:2      | Quit the game

Illustrated notes

Levels and vault maps discovered:
D:1:      shiori_shiawase, layout_basic, chequers_avenue
D:2:      layout_basic

Skill      XL: |  1 |
---------------+----+-----
Axes           | 3 |  3.3
Fighting       | |  2.6
Armour         | |  3.2
Shields        | |  3.2

Action                   || total
-------------------------++-------
Melee: War axe           ||    34
Armor: Scale mail        ||    18
Dodge: Dodged            ||    11
Block: Kite shield       ||     8
